AoeStats
← heysamsun

Arena

509435984Analyzed
1v1 RM · 5d ago on Sep 26, 2026· 38m 23s· 2 players
Game mode
Random Map
Map size
Tiny (2 player)
Population
200
Speed
Normal
Resources
Standard
Victory
Conquest
Starting age
Dark Age
Ending age
Imperial Age
RankedLock teamsTeams togetherTeam positionsShared explorationLock speedFull tech treeHidden civsTurbo modeCheats
Victory
Defeat
🇳🇱 Poles · Netherlands
788
+18
🇹🇷 Huns · Türkiye
829
-47
barscott
11:12 Feudal Age
15:25 Castle Age
14:23 Wheelbarrow
14:26 Double-Bit Axe
14:24 Horse Collar
17:12 Bow Saw
22:05 Heavy Plow
24:02 Bloodlines
24:10 Scale Barding Armor
25:32 Scale Mail Armor
28:01 Szlachta Privileges
28:16 Masonry
28:48 Chain Mail Armor
28:44 Forging
29:25 Forging
31:29 Hand Cart
32:27 Iron Casting
32:13 Chain Barding Armor
36:08 Imperial Age
36:42 Cavalier
heysamsun
10:55 Feudal Age
11:35 Double-Bit Axe
11:33 Horse Collar
14:19 Wheelbarrow
16:40 Gold Mining
21:05 Castle Age
20:05 Padded Archer Armor
21:30 Bloodlines
21:17 Stone Mining
22:32 Husbandry
26:49 Leather Archer Armor
26:24 Fletching
26:40 Scale Barding Armor
26:46 Forging
27:49 Bow Saw
29:37 Hand Cart
30:43 Ballistics
30:36 Masonry
33:43 Marauders
35:15 Squires
36:22 Thumb Ring
Connection lost

Rejoining the realm…

Still unreachable

The connection could not be restored.

Session expired

The server has moved on; the page needs a fresh start.